 Dungeon Crawl Stone Soup version 0.13-a0-2001-g039544c (webtiles) character file.

319 Kae the Ducker (level 5, -1/37 HPs)
             Began as a High Elf Fighter on June 25, 2013.
             Slain by a gnoll
             ... wielding a +1,+1 halberd
              (13 damage)
             ... on Level 3 of the Dungeon.
             The game lasted 00:04:37 (2634 turns).

Kae the Ducker (High Elf Fighter)                   Turns: 2634, Time: 00:04:37

HP  -1/37        AC  8     Str 15      XL: 5   Next: 86%
MP   7/7         EV  9     Int 13      God:
Gold 70          SH 19     Dex 14      Spells:  0 memorised,  4 levels left

Res.Fire  : . . .   See Invis. : .   a - +0 elf short sword
Res.Cold  : . . .   Warding    : .   b - +0 elf scale mail
Life Prot.: + . .   Conserve   : .   c - +0 elf shield
Res.Poison: .       Res.Corr.  : .   (no helmet)
Res.Elec. : .       Clarity    : .   o - +0 cloak
Sust.Abil.: . .     Spirit.Shd : .   (no gloves)
Res.Mut.  : .       Stasis     : .   (no boots)
Res.Rott. : .       Flight     : .   (no amulet)
Saprovore : . . .                    l - ring of life protection
                                     i - +3 ring of evasion

@: slightly resistant to hostile enchantments, extremely unstealthy
A: no striking features
a: no special abilities


You were on level 3 of the Dungeon.
You were hungry.

You visited 1 branch of the dungeon, and saw 3 of its levels.

You collected 50 gold pieces.

Inventory:

Hand weapons
 a - a +0,+0 elven short sword (weapon)
Armour
 b - a +0 elven scale mail (worn)
 c - a +0 elven shield (worn)
 o - a +0 cloak (worn)
Comestibles
 d - 2 bread rations
 k - a lemon
 m - a choko
Scrolls
 e - a scroll of identify
 n - 2 scrolls of teleportation
 p - a scroll of curse jewellery {unknown}
 t - a scroll of fog
Jewellery
 i - a +3 ring of evasion (left hand)
 l - a ring of life protection (right hand)
 q - an uncursed ring of wizardry {unknown}
Potions
 h - a potion of brilliance
 j - a potion of curing


   Skills:
 + Level 4.1 Fighting
 - Level 2.4 Short Blades
 - Level 2.6 Armour
 * Level 4.5 Dodging
 + Level 3.7 Shields


You had 4 spell levels left.
You didn't know any spells.

Dungeon Overview and Level Annotations

Branches:
Dungeon (3/27)

Altars:


Message History

The gnoll hits you with a halberd.
You hit the gnoll.
The gnoll is moderately wounded.
You hit the gnoll but do no damage.
The gnoll is moderately wounded.
The gnoll hits you with a halberd!
You are too injured to fight recklessly!
You are too injured to fight recklessly!
You are too injured to fight recklessly!
You are too injured to fight recklessly!
You hit the gnoll.
The gnoll is heavily wounded.
The gnoll misses you.
You hit the gnoll but do no damage.
The gnoll is heavily wounded.
The gnoll hits you but does no damage.
You hit the gnoll but do no damage.
The gnoll is heavily wounded.
The gnoll hits you with a halberd!
You die...

***#####.#.#.#####.#.#*,**,* *,#.
,,,,,,...#.#.#..,,.#,**,**<* *,#.
,****###.#.#.##.**.#,**,******,#.
*******###.#.##.##.#,,.,,,,,,,,#.
,,,,,,,,,..#.#*..#.#,,#.*******#.
*********###.###.#.#..#.* #.
***#########.......#..#.#### #.
,,,........................# #.
,,,.............@..........# #.
,,,,...########g#####...#..## #.
,,,,.,,* #.# *,,,#...# #.
,,,,,,,* #%# ***,,,#.#.# #.
,,,,,,,* #.# *,,,,,#%#.####.
,******* ****#.#########.#......
,**********,,,............#######
,,,,,,,,,,,,,,........)..........
≈≈≈≈≈≈≈≈≈,,,,≈≈≈≈≈≈≈≈≈≈≈≈≈≈≈≈≈≈≈.


You could see a gnoll.

Vanquished Creatures
  The ghost of Kae the Skirmisher, an average HEFi (D:3)
  4 adders
  A gnoll (D:3)
  A worm (D:2)
  An orc (D:3)
  2 ball pythons
  4 bats
  4 giant cockroaches
  8 hobgoblins
  4 giant geckos
  2 giant newts
  7 goblins
  15 jackals
  4 kobolds
  2 quokkas
  8 rats
68 creatures vanquished.

Vanquished Creatures (others)
  A rat (D:2)
1 creature vanquished.

Grand Total: 69 creatures vanquished

Notes
Turn   | Place    | Note
--------------------------------------------------------------
     0 | D:1      | Kae, the High Elf Fighter, began the quest for the Orb.
     0 | D:1      | Reached XP level 1. HP: 16/16 MP: 1/1
   105 | D:1      | Reached skill level 1 in Dodging
   117 | D:1      | Reached XP level 2. HP: 14/21 MP: 2/2
   795 | D:2      | Reached XP level 3. HP: 15/27 MP: 4/4
  1245 | D:2      | Reached XP level 4. HP: 24/32 MP: 6/6
  1451 | D:3      | Noticed Kae's ghost (average HEFi)
  2446 | D:3      | Killed Kae's ghost
  2446 | D:3      | Reached skill level 4 in Fighting
  2446 | D:3      | Reached XP level 5. HP: 6/37 MP: 7/7
  2634 | D:3      | Slain by a gnoll

Action                   |  1- 3 |  4- 6 || total
-------------------------+-------+-------++-------
Melee: Short sword       |   207 |   258 ||   465
  Use: Scroll            |     3 |     3 ||     6
       Potion            |       |     7 ||     7
